 Dungeon Crawl Stone Soup version 0.28.0-47-ge53b351184 (webtiles) character file.

Game seed: 11825515856314446911

24670 101zpm the Eclecticist (level 13, -8/69 HPs)
             Began as a Djinni Fire Elementalist on May 10, 2022.
             Was a High Priest of Hepliaklqana.
             Shot with an arrow by Nessos (17 damage)
             ... on level 13 of the Dungeon.
             The game lasted 01:11:17 (18516 turns).

101zpm the Eclecticist (Djinni Fire Elementalist)  Turns: 18516, Time: 01:11:18

Health: -8/69      AC: 11    Str:  7    XL:     13   Next: 44%
Gold:   952        EV: 14    Int: 24    God:    Hepliaklqana [*****.] SH:  5 Dex: 22

rFire   + + +      SeeInvis .   U - +3 demon whip of Embarrassment {flame, rPois rCorr Int-3 Dex+7}
rCold   x . .      Faith    .   (no shield)
rNeg    . . .      Spirit   .   I - +3 troll leather armour
rPois   ∞          Reflect  +   F - +0 helmet
rElec   .          Harm     .   (no cloak)
rCorr   +          Rampage  .   a - +2 pair of gloves {hurl}
Will    +....                   (boots unavailable)
Stlth   +++.......              d - amulet of reflection
HPRegen 1.01/turn               l - ring of protection from fire
MPRegen 0.00/turn               D - +6 ring of intelligence

@: flying
A: reduced essence, sickness immunity, fire resistance 2, cold vulnerability 1,
float, innate caster, HP casting, extra vitality 1
a: Renounce Religion, Recall Ancestor, Ancestor Identity, Transference, Idealise


You were on level 13 of the Dungeon.
You worshipped Hepliaklqana.
Hepliaklqana was extremely pleased with you.
You visited 3 branches of the dungeon, and saw 15 of its levels.

You collected 952 gold pieces.

Inventory:

Hand Weapons
 k - the +9 long sword "Plog" {vorpal, rN+ Dex+4}
   (You found it on level 4 of the Dungeon)

   It inflicts extra damage upon your enemies.
   Dex:       It affects your dexterity (+4).
   rN:        It protects you from negative energy.
 U - the +3 demon whip of Embarrassment (weapon) {flame, rPois rCorr Int-3 Dex+7}
   (You took it off a centaur on level 13 of the Dungeon)

   It burns those it strikes, dealing additional fire damage.
   Int:       It affects your intelligence (-3).
   Dex:       It affects your dexterity (+7).
   rPois:     It protects you from poison.
   rCorr:     It protects you from acid and corrosion.
Missiles
 i - 4 throwing nets
 Q - 6 javelins
 R - 2 boomerangs
Armour
 a - a +2 pair of gloves of hurling (worn)
 E - a +2 robe of fire resistance
 F - a +0 helmet (worn)
 I - a +3 troll leather armour (worn)
Jewellery
 d - an amulet of reflection (around neck)
 l - a ring of protection from fire (left hand)
 D - a +6 ring of intelligence (right hand)
 T - a ring of fire
Wands
 u - a wand of acid (4)
 y - a wand of charming (1)
 C - a wand of flame (23)
 G - a wand of iceblast (19)
 K - a wand of mindburst (6)
 M - a wand of polymorph (7)
 S - a wand of paralysis (4)
Scrolls
 c - a scroll of holy word
 g - 5 scrolls of teleportation
 o - 3 scrolls of blinking
 p - 2 scrolls of summoning
 q - 4 scrolls of magic mapping
 r - a scroll of amnesia {unknown}
 w - 3 scrolls of enchant weapon
 x - a scroll of identify
 z - 3 scrolls of vulnerability {unknown}
 B - 2 scrolls of fear {unknown}
 H - a scroll of immolation {unknown}
 L - a scroll of fog {unknown}
 N - a scroll of torment {unknown}
 O - a scroll of noise {unknown}
Potions
 b - 2 potions of berserk rage {unknown}
 e - a potion of brilliance {unknown}
 f - 2 potions of might {unknown}
 h - 2 potions of degeneration {unknown}
 j - 2 potions of haste
 m - 2 potions of flight {unknown}
 n - 3 potions of magic {unknown}
 s - 3 potions of invisibility {unknown}
 t - 4 potions of heal wounds {unknown}
 v - a potion of attraction {unknown}
 A - a potion of curing {unknown}
 J - a potion of cancellation {unknown}
 P - a potion of mutation {unknown}


   Skills:
 + Level 1.2 Fighting
 + Level 2.9 Armour
 + Level 4.5 Dodging
 + Level 5.0 Stealth
 + Level 1.1 Shields
 + Level 15.9 Spellcasting


You had 12 spell levels left.
You knew the following spells:

 Your Spells              Type           Power      Damage    Failure   Level
a - Foxfire               Conj/Fire      100%       2x1d9     0%          1
b - Scorch                Fire           100%       2d10      0%          2
c - Conjure Flame         Conj/Fire      77%        6-21      1%          3
d - Inner Flame           Hex/Fire       77%        N/A       1%          3
e - Flame Wave            Conj/Fire      77%        2d14      1%          4
f - Shock                 Conj/Air       100%       1d9       0%          1
g - Ensorcelled Hibernat  Hex/Ice        100%       N/A       0%          2
h - Swiftness             Air            77%        N/A       1%          3
i - Ignite Poison         Fire/Tmut/Pois 77%        N/A       1%          3
j - Animate Dead          Necr           38%        N/A       1%          4
k - Freezing Cloud        Conj/Ice/Air   38%        6-21      1%          5
Your spell library was empty.

Dungeon Overview and Level Annotations

Branches:
Dungeon (13/15)            Temple (1/1) D:4            Lair (0/6) D:10
    Orc (1/2) D:12
 Vaults: D:13-14

Altars:
Ashenzari
Cheibriados
Dithmenos
Elyvilon
Fedhas
Gozag
Hepliaklqana
Kikubaaqudgha
Makhleb
Nemelex Xobeh
Okawaru
Qazlal
Ru
Sif Muna
Trog
Uskayaw
Vehumet
Wu Jian
Xom
Yredelemnul
Zin
The Shining One

Shops:
D:6 *   D:8 :

Portals:
Abyss: D:10

Annotations:
D:8 exclusion: orange crystal statue
D:10 2 transporters, crawlogic's ghost, novice MiBe
D:13 Nessos


Innate Abilities, Weirdness & Mutations

Your life essence is reduced to manifest your ancestor. (-10% HP)
You are immune to sickness and miasma.
You are immune to poison.
Your flesh is very heat resistant. (rF++)
You are vulnerable to cold. (rC-)
You float through the air rather than walking.
You learn spells naturally, not from books.
Your magical power is your life essence.
You have superior vitality. (+4 MHP)


Message History

The centaur warrior is severely wounded.
The centaur warrior's fire resistance burns away.
The centaur warrior is engulfed in blazing flames.
Flame seeps out of the centaur warrior.
The human barely misses you.
Something unseen opens the door.
You block the human's attack.
You reach down and close the door.
Something unseen opens the door.
The centaur warrior is engulfed in blazing flames.
The centaur warrior explodes!
You feel a bit more experienced.
The fiery explosion engulfs the human!!
You kill the human!
The fiery explosion engulfs the human!!
You kill the human!
The fiery explosion engulfs the human!!!
You kill the human!
The fiery explosion engulfs the human!!
You kill the human!
A human comes into view.
You hear a shout! x3
Your Stealth skill increases to level 5!
Blink to where?
Press: ? - help, Dir - move target
As you read the scroll of blinking, it crumbles to dust.
Nessos wields a +1 longbow of flaming.
It bursts into flame!
Nessos shoots an arrow.
You reflect the arrow off an invisible shield around you!
The arrow hits Nessos!
The arrow burns Nessos.
Nessos looks as sick as possible!
Casting: Scorch (safe; 0% risk of failure)
Confirm with . or Enter, or press ? or * to list all spells.
Aiming: Freezing Cloud (dangerous; 1% risk of failure)
Press: ? - help, Dir - move target, f - Nessos
Aim: Nessos, wielding a +1 longbow of flaming, wearing a +0 barding and quivering arrows (moderately wounded, fast, extremely poisoned) Nessos is engulfed in freezing vapours.
Nessos shoots an arrow.
The arrow hits you!!
* * * LOW HITPOINT WARNING * * *
The arrow burns you.
* * * LOW HITPOINT WARNING * * *
Nessos is engulfed in freezing vapours.
Nessos shoots an arrow.
The arrow hits you!
You die...

#...p...
###########.......
#......#..#.p.....
#......#.J#o..#...
#......#.††...####
#......##)#...#
#.....§#..#$..#
#...§§§#§.#####
#@...§c§..#
#....§§#§.#
#......####
#......# #......#
#......# #........
#........


You could see Nessos (fast, extremely poisoned).

Vanquished Creatures
  A boulder beetle (D:11)
  3 hydras
  2 two-headed ogres
  2 centaur warriors (D:13)
  A death yak (D:12)
  Urug (D:12)
  Pikel (D:4)
  A manticore (D:11)
  A cyclops (D:7)
  A gargoyle (D:12)
  A kobold demonologist (D:9)
  Maggie (D:8)
  A komodo dragon (shapeshifter) (D:13)
  5 trolls
  3 slime creatures
  Sigmund (D:5)
  3 centaur simulacra (D:12)
  27 yaks
  2 wraiths
  A wyvern (D:8)
  A vampire (D:9)
  A steam dragon (D:7)
  2 vampire mosquitoes (D:12)
  7 humans (D:13)
  A warg (Orc:1)
  A water moccasin (D:7)
  4 ice beasts
  2 orc warriors
  A sky beast (D:7)
  2 necrophages
  3 wolves
  6 centaurs
  2 ogres
  The ghost of 101zpm the Magician, an amateur DjFE (D:3)
  3 lemures (D:4)
  The ghost of Quickbrownfox the Chiller, an amateur DsIE of Sif Muna (D:3)
  A phantom (D:7)
  5 kobold brigands
  Blork the orc (D:6)
  3 bullfrogs
  2 scorpions
  9 killer bees (D:9)
  The ghost of Kniotic the Insei, a weakling DsGl (D:3)
  13 wights
  A howler monkey (D:11)
  5 electric eels
  2 centaur zombies
  A jelly (D:4)
  8 orc priests
  11 hounds
  Jessica (D:2)
  A bullfrog skeleton (D:7)
  2 iguanas
  9 orc wizards
  A killer bee zombie (D:6)
  Robin (D:4)
  4 gnolls (D:3)
  A howler monkey zombie (D:9)
  7 adders
  3 white imps
  An ufetubus (D:12)
  2 dart slugs
  20 orcs
  3 bats
  An endoplasm (D:1)
  2 giant cockroaches
  14 goblins
  12 hobgoblins
  4 jackals (D:3)
  24 kobolds
  A quokka (D:4)
  3 ball pythons
  3 frilled lizards
  7 rats
287 creatures vanquished.

Vanquished Creatures (collateral kills)
  A centaur zombie (D:10)
  Psyche (D:8)
  An unseen horror (D:12)
  A polar bear (D:12)
  A troll (D:10)
  A slime creature (D:12)
  Prince Ribbit (D:8)
  2 yaks
  The ghost of TinSoldier the Cutter, an amateur DsGl (D:3)
  A human (D:13)
  A water moccasin (D:6)
  An orc warrior (D:8)
  The ghost of Faeu the Covered, an amateur MiFi (D:3)
  2 killer bees (D:9)
  2 wights (D:8)
  3 lava snakes (D:8)
  An orc priest (D:10)
  A hound (D:10)
  A scorpion zombie (D:5)
  A killer bee zombie (D:9)
  An adder (D:2)
  An ufetubus (D:12)
  An orc (D:8)
  An endoplasm (D:2)
  3 kobolds
32 creatures vanquished.

Vanquished Creatures (others)
  4 knights
  1120 foxfires
  9 plants (D:4)
1133 creatures vanquished.

Grand Total: 1452 creatures vanquished

Notes
Turn   | Place    | Note
-------+----------+-------------------------------------------
     0 | D:1      | 101zpm the Djinni Fire Elementalist began the quest for the
                  | Orb.
     0 | D:1      | Reached XP level 1. HP: 15/15 MP: 0/0
   423 | D:4      | Reached XP level 2. HP: 18/21 MP: 0/0
   534 | D:4      | Noticed a necrophage
   540 | D:4      | Killed a necrophage
   541 | D:4      | Reached skill level 3 in Spellcasting
   541 | D:4      | Reached XP level 3. HP: 15/25 MP: 0/0
   541 | D:4      | Learned a level 1 spell: Shock
   541 | D:4      | Reached XP level 4. HP: 18/31 MP: 0/0
   716 | D:4      | Noticed an ogre
   719 | D:4      | Killed an ogre
   720 | D:4      | Reached skill level 4 in Spellcasting
   720 | D:4      | Reached XP level 5. HP: 28/35 MP: 0/0
   720 | D:4      | Learned a level 2 spell: Ensorcelled Hibernation
   888 | D:4      | Noticed a lemure
   888 | D:4      | Noticed a lemure
   888 | D:4      | Noticed a lemure
   889 | D:4      | Noticed Pikel
   891 | D:4      | Noticed a lemure
  1125 | D:4      | Reached XP level 6. HP: 33/40 MP: 0/0
  1127 | D:4      | Noticed Robin
  1133 | D:4      | Killed Robin
  2360 | D:3      | Found a runed translucent gate.
  2360 | D:3      | Found a runed translucent gate.
  2360 | D:3      | Found a runed translucent gate.
  2360 | D:3      | Noticed Quickbrownfox's ghost (amateur DsIE)
  2360 | D:3      | Noticed TinSoldier's ghost (amateur DsGl)
  2360 | D:3      | Noticed Kniotic's ghost (weakling DsGl)
  2360 | D:3      | Noticed Faeu's ghost (amateur MiFi)
  2360 | D:3      | Noticed 101zpm's ghost (amateur DjFE)
  2783 | D:4      | Reached skill level 5 in Spellcasting
  3009 | D:4      | Killed Pikel
  3010 | D:4      | Reached skill level 6 in Spellcasting
  3010 | D:4      | Reached XP level 7. HP: 25/46 MP: 0/0
  3010 | D:4      | Learned a level 3 spell: Swiftness
  3010 | D:4      | Reached XP level 8. HP: 28/51 MP: 0/0
  3225 | D:4      | Found a staircase to the Ecumenical Temple.
  3246 | D:4      | Identified the +9 long sword "Plog" {vorpal, rN+ Dex+4}
  3299 | Temple   | Entered the Ecumenical Temple
  3708 | Temple   | Became a worshipper of Hepliaklqana the Forgotten
  3740 | D:5      | Entered Level 5 of the Dungeon
  3761 | D:5      | Reached skill level 7 in Spellcasting
  3784 | D:5      | Noticed Sigmund
  3787 | D:5      | Killed Sigmund
  4297 | D:7      | Noticed a cyclops
  4319 | D:7      | Reached skill level 8 in Spellcasting
  4319 | D:7      | Reached XP level 9. HP: 23/56 MP: 0/0
  4319 | D:7      | Learned a level 3 spell: Ignite Poison
  4860 | D:7      | Reached skill level 1 in Fighting
  4987 | D:7      | Reached skill level 9 in Spellcasting
  4999 | D:7      | Killed a cyclops
  5321 | D:7      | Reached XP level 10. HP: 37/62 MP: 0/0
  5661 | D:7      | Reached skill level 10 in Spellcasting
  6161 | D:6      | Reached * piety under Hepliaklqana
  6197 | D:6      | Found Rouxoclo's Assorted Antiques.
  6630 | D:6      | Noticed Blork the orc
  6640 | D:6      | Killed Blork the orc
  7796 | D:8      | Reached ** piety under Hepliaklqana
  7797 | D:8      | Remembered your ancestor Vusi as a knight
  7839 | D:8      | Reached skill level 11 in Spellcasting
  8443 | D:8      | Found Jurradeala's Book Emporium.
  8926 | D:8      | Noticed Prince Ribbit
  8928 | D:8      | Killed Prince Ribbit
  8942 | D:8      | Reached XP level 11. HP: 45/60 MP: 0/0
  8942 | D:8      | Learned a level 4 spell: Animate Dead
  9141 | D:8      | Noticed an orange crystal statue
  9156 | D:8      | Noticed Maggie
  9173 | D:8      | Killed Maggie
  9319 | D:8      | Noticed Psyche
  9332 | D:8      | Killed Psyche
  9845 | D:2      | Noticed Jessica
  9849 | D:2      | Killed Jessica
 10972 | D:1      | Found a faded altar of an unknown god.
 11269 | D:1      | Reached *** piety under Hepliaklqana
 11900 | D:3      | Killed Faeu's ghost
 11901 | D:3      | Reached skill level 12 in Spellcasting
 11955 | D:3      | Killed 101zpm's ghost
 11969 | D:3      | Killed Kniotic's ghost
 11969 | D:3      | Killed TinSoldier's ghost
 11976 | D:3      | Killed Quickbrownfox's ghost
 12335 | D:4      | Found a glowing golden altar of the Shining One.
 12655 | D:9      | Identified the +0 pair of boots "Lunte" {rN++ Stlth+}
 13455 | D:9      | Reached skill level 13 in Spellcasting
 13721 | D:9      | You are sucked into a shaft and drop 3 floors!
 13726 | D:12     | Reached skill level 1 in Shields
 13764 | D:12     | Noticed a death yak
 13772 | D:12     | Killed a death yak
 13773 | D:12     | Reached XP level 12. HP: 12/64 MP: 0/0
 13837 | D:12     | Noticed a two-headed ogre
 13840 | D:12     | Killed a two-headed ogre
 14163 | D:12     | Reached **** piety under Hepliaklqana
 14378 | D:10     | Entered Level 10 of the Dungeon
 14468 | D:10     | Found a transporter.
 14580 | D:9      | Reached skill level 14 in Spellcasting
 14890 | D:11     | Noticed a boulder beetle
 14989 | D:12     | Found a staircase to the Orcish Mines.
 15194 | D:12     | Noticed a seven-headed hydra
 15198 | D:12     | Killed a seven-headed hydra
 15238 | D:12     | Noticed a six-headed hydra
 15247 | D:12     | Killed a six-headed hydra
 15248 | D:12     | Reached skill level 1 in Armour
 15413 | D:12     | Reached ***** piety under Hepliaklqana
 15559 | D:12     | Noticed Urug
 15721 | D:11     | Noticed an eight-headed hydra
 15730 | D:11     | Killed an eight-headed hydra
 15743 | D:11     | Killed a boulder beetle
 15744 | D:11     | Reached skill level 15 in Spellcasting
 15744 | D:11     | Reached XP level 13. HP: 56/69 MP: 0/0
 15744 | D:11     | Learned a level 5 spell: Freezing Cloud
 16589 | D:12     | Killed Urug
 16917 | Orc:1    | Entered Level 1 of the Orcish Mines
 17179 | D:10     | Found a one-way gate to the infinite horrors of the Abyss.
 17179 | D:10     | Noticed crawlogic's ghost (novice MiBe)
 17384 | D:10     | Found a staircase to the Lair.
 17446 | D:10     | Found a transporter.
 17957 | D:10     | Noticed a tentacled starspawn
 18338 | D:13     | Identified the +3 demon whip of Embarrassment {flame, rPois
                  | rCorr Int-3 Dex+7}
 18338 | D:13     | Noticed a centaur warrior
 18345 | D:13     | Killed a centaur warrior
 18492 | D:13     | Noticed a centaur warrior
 18509 | D:13     | Noticed Nessos
 18514 | D:13     | Killed a centaur warrior
 18515 | D:13     | Reached skill level 5 in Stealth
 18516 | D:13     | Shot with an arrow by Nessos

Illustrated notes

Levels and vault maps discovered:
D:1:      eino_arrival_cavern_d, layout_loops_ring,
          shapermc_ecumenical_altar_pompeii, minivault_27
D:2:      layout_basic, minmay_surrounded, uniq_jessica
D:3:      layout_loops_ring, gammafunk_ghost_cemetery
D:4:      cheibrodos_old_hovel, layout_basic, tso_altar,
          minmay_temple_entry_large_hall, uniq_robin, uniq_pikel
D:5:      cheibrodos_thug_alley, layout_basic, uniq_sigmund
D:6:      layout_loops_cross, serial_shops, nicolae_shop_advertising_works
          [nicolae_subvault_shop_adworks], uniq_blork_the_orc
D:7:      layout_loops_ring, grunt_potential
D:8:      layout_basic, serial_shops, nicolae_take_the_stairs, disabler_island,
          uniq_prince_ribbit1, uniq_psyche, uniq_maggie
D:9:      layout_long_grid
D:10:     layout_layer_cave, erik_lair_island, gammafunk_ghost_abyssal_escape,
          minmay_misc_feat_iff
D:11:     layout_irregular_city
D:12:     layout_stronghold, orc_0_dummy, serial_ice, serial_ice_i,
          serial_ice_n, serial_ice_f, serial_ice_m, corexii_checkpoint_b,
          uniq_urug
D:13:     layout_grid_maze, grunt_vaults_entry_tiered, special_room
          [special_room_orc], st_stairs_12, uniq_nessos
Temple:   mainiacjoe_temple_trianglar_array
Orc:1:    layout_caves, gammafunk_ghost_necromancy

Skill      XL: |  1  2  3  4  5  6  7  8  9 10 11 12 13 |
---------------+----------------------------------------+-----
Stealth        | 2 3 4 5 |  5.0
Spellcasting   | 3 4 6 8 9 11 13 15 | 15.9
Dodging        | 3 4 |  4.5
Fighting       | 1 |  1.2
Shields        | 1 |  1.1
Armour         | 1 2 |  2.9

Action                   |  1- 3 |  4- 6 |  7- 9 | 10-12 | 13-15 || total
-------------------------+-------+-------+-------+-------+-------++-------
 Cast: Foxfire           |    30 |   129 |    59 |   406 |    90 ||   714
       Scorch            |     1 |    11 |    20 |    95 |    20 ||   147
       Inner Flame       |       |     5 |    29 |   146 |    31 ||   211
       Shock             |       |       |     7 |     4 |       ||    11
       Ensorcelled Hiber |       |       |       |     1 |       ||     1
       Swiftness         |       |       |       |     1 |       ||     1
       Freezing Cloud    |       |       |       |       |     5 ||     5
       Conjure Flame     |       |       |       |       |     2 ||     2
       Animate Dead      |       |       |       |       |     2 ||     2
Invok: Ancestor Life: Kn |       |       |       |     1 |       ||     1
       Recall Ancestor   |       |       |       |     2 |     1 ||     3
  Use: Scroll            |       |       |       |     3 |    10 ||    13
Armor: Robe              |       |       |     2 |     2 |       ||     4
       Skin              |       |       |       |     1 |       ||     1
       Troll leather arm |       |       |       |     1 |     3 ||     4
Dodge: Dodged            |     1 |     3 |    10 |    27 |     8 ||    49
Block: Other             |     1 |     2 |     4 |     6 |     5 ||    18
       Reflection        |     1 |       |       |     2 |     3 ||     6
